Map: Ascension to Aiur LE

Players

AdminC (Bioice)

  • Race: Zerg Zerg
  • Spawn Location: 11:00

MaSa - Winner!

  • Race: Terran Terran
  • Spawn Location: 5:00

Event: WCS Montreal 2017

VOD

Have the link to the VOD?

Description

Time

  • Played on: Sept. 8, 2017, 6:42 p.m.
  • Length: 13:49

All games in this series

Show
View Real Time Build Order
Export as new Build Order

AdminC Zerg 

Build Orders: Hatch First 

Get SALT Encoding   

  12  0:02  Drone  
  13  0:15  Overlord  
  13  0:18  Drone  
  14  0:34  Drone x2  
  16  0:49  Hatchery  
  15  0:52  Drone  
  15  0:56  Drone  
  17  0:59  Drone  
  18  1:07  Extractor  
  17  1:15  Spawning Pool  
  17  1:18  Drone  
  17  1:22  Drone  
  18  1:31  Drone  
  19  1:42  Drone  
  20  1:52  Overlord  
  20  2:01  Queen  
  20  2:02  Queen  
  20  2:03  Zergling x2  
  20  2:04  Zergling x2  
  27  2:15  Zergling x4  
  28  2:24  Metabolic Boost  
  28  2:33  Extractor  
  27  2:40  Drone x4  
  31  2:45  Queen  
  31  2:49  Overlord  
  31  2:51  Drone  
  34  2:52  Extractor  
  34  2:57  Drone  
  34  2:58  Drone  
  36  3:13  Drone x2  
  36  3:22  Drone x6  
  40  3:29  Overlord  
  40  3:43  Drone x2  
  40  3:44  Drone  
  40  3:46  Hatchery  
  42  3:55  Extractor  
  41  4:00  Zergling x2  
  41  4:01  Zergling x14  
  49  4:03  Queen  
  49  4:06  Overlord  
  51  4:13  Queen  
  51  4:14  Evolution Chamber  
  51  4:16  Evolution Chamber  
  51  4:22  Drone  
  52  4:28  Overlord  
  52  4:33  Spore Crawler  
  52  4:34  Spore Crawler, Drone  
  52  4:35  Drone  
  52  4:39  Burrow, Overlord  
  52  4:46  Drone x2  
  52  4:47  Drone x3  
  57  4:55  Drone x3  
  57  4:57  Overlord  
  57  4:59  Spore Crawler  
  59  5:01  Drone x2  
  59  5:05  Drone x2  
  63  5:11  Drone x4  
  67  5:16  Zerg Melee Weapons Level 1  
  67  5:20  Zerg Ground Armor Level 1  
  67  5:22  Drone  
  67  5:29  Drone  
  67  5:30  Drone  
  67  5:31  Drone x4  
  67  5:32  Drone  
  72  5:36  Drone x2  
  72  5:38  Drone x2  
  72  5:42  Drone x3  
  74  5:45  Lair  
  74  5:51  Overlord  
  74  5:52  Extractor  
  74  5:53  Extractor  
  74  5:54  Extractor  
  74  5:55  Extractor  
  70  5:59  Zergling x8  
  74  6:05  Baneling Nest  
  74  6:08  Drone  
  74  6:10  Evolution Chamber  
  73  6:19  Drone x3  
  73  6:20  Drone x3  
  73  6:21  Drone  
  73  6:22  Drone  
  73  6:23  Zergling x2  
  82  6:26  Overlord x2  
  81  6:36  Drone  
  81  6:37  Zerg Missile Weapons Level 1  
  81  6:39  Hatchery  
  79  6:46  Zergling x12  
  79  6:47  Zergling x6  
  83  6:48  Queen  
  83  6:57  Centrifical Hooks  
  83  6:58  Drone  
  83  6:59  Hydralisk Den  
  83  7:06  Baneling x4  
  83  7:11  Baneling  
  83  7:12  Baneling x3  
  83  7:13  Zergling x24  
  91  7:28  Drone x3  
  93  7:38  Hydralisk x2  
  93  7:40  Overlord x3, Muscular Augments  
  93  7:41  Overlord x2  
  97  7:48  Drone  
  98  7:54  Hydralisk x4  
  98  7:58  Queen  
  103  8:01  Hydralisk x4  
  103  8:05  Hydralisk x4  
  117  8:10  Baneling x4  
  117  8:11  Baneling x4  
  118  8:16  Hydralisk x4  
  121  8:40  Drone x2  
  121  8:42  Drone x2  
  121  8:43  Drone  
  121  8:44  Drone, Baneling x9  
  121  8:45  Drone x10  
  133  8:50  Drone  
  133  8:52  Zerg Melee Weapons Level 2, Infestation Pit  
  133  8:59  Zerg Ground Armor Level 2  
  124  9:14  Zergling x2, Hydralisk x2  
  120  9:27  Zergling x2  
  120  9:28  Zergling x38  
  140  9:32  Baneling x2  
  140  9:33  Baneling x3  
  136  9:40  Hydralisk  
  135  9:48  Overlord x3  
  135  9:49  Baneling  
  135  9:50  Baneling x6  
  135  9:59  Hydralisk  
  131  10:01  Hydralisk  
  135  10:08  Overlord x3  
  135  10:11  Extractor  
  135  10:12  Extractor  
  135  10:13  Hive  
  133  10:14  Drone x3  
  133  10:15  Drone x2  
  133  10:16  Drone  
  133  10:17  Drone x3  
  142  10:23  Hydralisk x5  
  152  10:29  Baneling x11  
  152  10:38  Hydralisk x3  
  152  10:41  Zergling x8  
  162  10:47  Zergling x4  
  162  10:48  Zergling x4  
  149  10:58  Hydralisk x4  
  149  10:59  Zergling x6  
  152  11:05  Zergling x4  
  152  11:17  Hydralisk x5  
  150  11:27  Hatchery  
  150  11:28  Ultralisk Cavern  
  150  11:30  Drone x3  
  150  11:33  Zergling x2  
  146  11:44  Hydralisk x4  
  154  11:48  Zergling x2  
  154  11:53  Baneling  
  155  11:54  Hydralisk, Baneling x6  
  155  12:00  Hatchery  
  155  12:05  Hatchery, Zergling x4  
  156  12:11  Zergling x4  
  151  12:23  Ultralisk  
  151  12:24  Chitinous Plating  
  151  12:25  Queen x2  
  146  12:46  Ultralisk  
  152  12:56  Zergling x10  
  142  13:01  Queen x2, Zergling x2  
  142  13:02  Zergling x6  
Show
View Real Time Build Order
Export as new Build Order

MaSa Terran - Winner!

Build Orders: Gas First Reaper Expand, Reaper Expand, MMM Bio 

Get SALT Encoding   

  12  0:01  SCV  
  13  0:13  SCV  
  14  0:17  Supply Depot  
  14  0:25  SCV  
  15  0:31  Refinery  
  15  0:38  SCV  
  16  0:44  Barracks  
  16  0:51  SCV  
  17  1:03  SCV  
  18  1:15  SCV  
  19  1:32  Orbital Command, Reaper  
  20  1:43  Command Center  
  20  1:54  Factory  
  20  2:03  Bunker  
  20  2:08  Barracks Reactor  
  20  2:09  SCV  
  20  2:14  Refinery  
  21  2:17  Supply Depot  
  21  2:26  SCV  
  22  2:38  SCV  
  22  2:43  Starport  
  27  2:51  Hellion x2  
  27  2:53  SCV  
  27  2:54  Barracks Tech Lab  
  28  3:02  Orbital Command  
  28  3:05  SCV  
  31  3:13  Hellion  
  31  3:27  SCV  
  31  3:29  SCV  
  33  3:34  Supply Depot  
  33  3:37  Hellion  
  33  3:39  SCV  
  38  3:42  Viking  
  38  3:43  SCV  
  38  3:46  Barracks Tech Lab  
  39  3:51  SCV  
  40  4:00  Supply Depot, SCV  
  41  4:06  SCV  
  41  4:07  Stimpack  
  41  4:08  Marine  
  43  4:11  Banshee  
  43  4:13  SCV  
  47  4:18  SCV  
  48  4:27  Command Center  
  48  4:28  SCV  
  48  4:30  SCV  
  49  4:32  Marine  
  49  4:33  Factory Reactor  
  50  4:38  Barracks  
  50  4:40  SCV  
  50  4:41  Barracks  
  50  4:43  SCV  
  52  4:50  Supply Depot  
  52  4:52  Marine, SCV  
  54  4:54  Raven  
  54  4:55  SCV  
  57  5:00  Engineering Bay  
  57  5:03  Engineering Bay  
  57  5:04  SCV  
  58  5:08  SCV  
  59  5:16  SCV  
  59  5:17  Marine  
  59  5:20  SCV  
  62  5:23  Engineering Bay  
  62  5:26  Factory Reactor  
  62  5:27  Marine  
  61  5:29  SCV  
  61  5:32  SCV  
  63  5:39  Orbital Command  
  63  5:41  SCV  
  60  5:44  SCV, Terran Infantry Weapons Level 1  
  60  5:49  Barracks  
  61  5:53  Starport Reactor, SCV  
  61  5:56  SCV  
  63  6:01  Barracks  
  63  6:02  Marine x2, Refinery  
  63  6:03  Marine x2, Refinery  
  67  6:04  Orbital Command  
  67  6:09  Marine, SCV x2  
  70  6:14  Supply Depot x2  
  70  6:16  Terran Infantry Armor Level 1  
  70  6:20  Marine x4  
  70  6:23  SCV x2  
  76  6:27  Siege Tank, Marine  
  76  6:31  Medivac, SCV  
  83  6:35  SCV  
  83  6:38  Marine x2  
  86  6:40  SCV  
  86  6:41  Marine x2  
  86  6:43  SCV  
  90  6:47  SCV  
  90  6:49  Barracks Reactor  
  90  6:52  Marine  
  59  6:54  Medivac  
  92  6:56  Marine x2  
  92  6:57  Combat Shields  
  92  6:59  SCV x2  
  92  7:01  Medivac  
  100  7:03  Supply Depot, SCV, Refinery  
  100  7:04  Refinery  
  101  7:14  Supply Depot  
  101  7:20  Supply Depot  
  101  7:24  Marine x6  
  101  7:25  SCV x2  
  101  7:26  Supply Depot  
  101  7:27  Supply Depot  
  109  7:32  Factory  
  109  7:35  Marine x3, SCV  
  113  7:37  SCV x2  
  113  7:38  Medivac  
  113  7:42  Medivac, Marine x6  
  125  7:49  SCV  
  126  7:53  Marine x3  
  126  7:55  SCV  
  130  7:58  Armory  
  130  8:00  Marine x6  
  130  8:05  SCV  
  137  8:06  SCV  
  137  8:07  Medivac  
  137  8:10  SCV  
  141  8:15  Supply Depot  
  141  8:22  Factory Tech Lab  
  141  8:36  Siege Tank, Marine x3, SCV x2  
  141  8:39  Supply Depot x2  
  149  8:41  Supply Depot  
  149  8:49  Terran Vehicle Weapons Level 1, Terran Infantry Weapons Level 2  
  149  8:50  Terran Infantry Armor Level 2  
  149  8:52  Supply Depot  
  149  8:53  Supply Depot x2  
  149  9:00  Siege Tank, Marine x4, SCV  
  149  9:01  Marine x5  
  149  9:02  Supply Depot, SCV x2  
  164  9:04  Supply Depot x2  
  161  9:13  SCV  
  161  9:15  Medivac  
  161  9:17  Medivac  
  158  9:18  Marine x4  
  158  9:19  Marine x5  
  158  9:22  Siege Tank  
  169  9:36  Marine x9  
  171  9:42  Siege Tank  
  170  9:50  Medivac x2  
  174  9:54  Siege Tank, Marine x8  
  174  9:55  Marine  
  185  10:11  Marine x4  
  185  10:12  Marine x3  
  185  10:13  Marine x2  
  194  10:14  Siege Tank  
  194  10:17  Command Center  
  194  10:20  Medivac  
  199  10:29  Marine  
  199  10:30  Missile Turret  
  195  10:50  Marine x6  
  195  10:56  Marine x3  
  192  11:02  Command Center  
  180  11:06  Siege Tank  
  180  11:08  Siege Tank, Marine x6  
  187  11:14  Marine x3  
  190  11:19  Terran Vehicle Weapons Level 2  
  184  11:26  Marine x6  
  184  11:30  Medivac x2  
  184  11:32  Marine x3  
  197  11:35  Missile Turret  
  197  11:38  Siege Tank  
  196  11:40  Siege Tank  
  196  11:43  Marine  
  196  11:44  Marine x2  
  198  12:02  Marine x2  
  199  12:34  Marine, Refinery  
  199  12:35  Refinery  
  192  12:46  Siege Tank  
  192  12:47  Siege Tank  
  192  12:50  Planetary Fortress  
  197  12:55  Medivac x2  
  191  12:58  Marine  
  191  12:59  Marine x2  
  191  13:02  Marine x3  
  192  13:19  Marine  
  197  13:20  Marine x2  
  200  13:33  Command Center  
  200  13:35  Command Center  
  200  13:37  Command Center  
  195  13:41  Command Center  
Tags
 
Add a new tag
Caveats
  • Supply blocks, unpowered buildings, or Contaminate may cause inaccurate times.
  • Supply counts are checked every 10 seconds.